Map: Cyber Forest LE

Players

Nerchio

  • Race: Zerg Zerg
  • Spawn Location: 5:00

Stephano - Winner!

  • Race: Zerg Zerg
  • Spawn Location: 11:00

Event: IEM Season 13: Katowice (2019)

VOD

Have the link to the VOD?

Description

Time

  • Played on: Feb. 25, 2019, 11:35 a.m.
  • Length: 3:55

All games in this series

Show
View Real Time Build Order
Export as new Build Order

Nerchio Zerg 

Build Orders: Hatch First 

Get SALT Encoding   

  12  0:00  Drone  
  13  0:12  Overlord  
  13  0:17  Drone  
  14  0:31  Drone x2  
  16  0:49  Hatchery  
  15  0:52  Drone  
  15  0:55  Drone  
  17  1:09  Spawning Pool  
  16  1:12  Drone  
  16  1:14  Extractor  
  16  1:18  Drone  
  17  1:21  Drone  
  18  1:28  Drone  
  19  1:56  Zergling x4  
  19  2:00  Queen, Zergling x2  
  19  2:01  Queen, Zergling x2  
  26  2:22  Drone  
  26  2:23  Drone x2  
  27  2:42  Overlord  
  27  2:45  Drone  
  28  3:00  Hatchery  
  28  3:02  Drone x3  
  28  3:04  Drone  
  31  3:07  Drone  
  31  3:11  Drone  
  33  3:14  Drone  
  33  3:18  Drone  
  33  3:19  Evolution Chamber  
  34  3:24  Evolution Chamber, Roach Warren  
  34  3:25  Zergling x6  
  35  3:29  Zergling x2  
  36  3:36  Evolution Chamber  
  36  3:37  Evolution Chamber  
Show
View Real Time Build Order
Export as new Build Order

Stephano Zerg - Winner!

Build Orders: Pool First 

Get SALT Encoding   

  12  0:17  Spawning Pool  
  11  0:22  Drone  
  11  0:26  Drone  
  13  0:31  Drone  
  14  0:39  Overlord  
  14  1:01  Extractor  
  14  1:03  Zergling x4  
  15  1:05  Zergling x2  
  16  1:15  Zergling x2  
  17  1:22  Hatchery  
  16  1:27  Zergling x2  
  17  1:37  Zergling x2  
  18  1:48  Queen  
  20  2:03  Metabolic Boost  
  20  2:22  Zergling x6  
  19  2:34  Zergling x4  
  19  2:46  Zergling x4  
  21  2:58  Zergling x4  
  23  3:01  Overlord  
  23  3:03  Zergling x4  
  25  3:08  Zergling x4  
  27  3:17  Zergling x2  
  28  3:28  Zergling x4  
  28  3:33  Zergling x6  
  32  3:35  Zergling x2  

Tags
 
Add a new tag
Caveats
  • Supply blocks, unpowered buildings, or Contaminate may cause inaccurate times.
  • Supply counts are checked every 10 seconds.